 Dungeon Crawl Stone Soup version 0.16.2-12-gd0ad4c3 (webtiles) character file.

9349 Peloso the Blocker (level 11, -7/97 HPs)
             Began as a Minotaur Fighter on Oct 15, 2015.
             Was a High Priest of Okawaru.
             Mangled by a hill giant
             ... wielding a +0 giant club
              (38 damage)
             ... on level 11 of the Dungeon.
             The game lasted 00:44:20 (10656 turns).

Peloso the Blocker (Minotaur Fighter)              Turns: 10656, Time: 00:44:20

Health: -7/97      AC: 19    Str: 22    XL:     11   Next: 21%
Magic:  6/6        EV:  7    Int:  5    God:    Okawaru [*****.]
Gold:   196        SH: 12    Dex: 12    Spells: 0 memorised, 10 levels left

rFire  . . .     SeeInvis .     R - +4 long sword
rCold  . . .     Clarity  .     o - +0 plate armour
rNeg   + . .     SustAb   .     c - +0 shield
rPois  .         Gourm    .     (helmet restricted)
rElec  .         Spirit   .     I - +2 cloak
rCorr  +         Warding  .     (no gloves)
rMut   .         Stasis   .     G - +0 pair of boots
MR     +....                    i - amulet of resist corrosion
Stlth  ..........               U - ring of protection from magic
                                E - ring of positive energy

@: somewhat resistant to hostile enchantments, extremely unstealthy
A: retaliatory headbutt, horns 2, mutation resistance 1
a: Heroism, Finesse, Renounce Religion


You were on level 11 of the Dungeon.
You worshipped Okawaru.
Okawaru was extremely pleased with you.
You were hungry.

You visited 2 branches of the dungeon, and saw 12 of its levels.

You collected 448 gold pieces.
You spent 252 gold pieces at shops.

Inventory:

Hand weapons
 a - a +0 long sword
 u - a +1 whip of flaming
 N - the +9 flail of the Lesser Evil {elec, +Inv rElec rF+ rN+ Str-3}
   (You found it on level 8 of the Dungeon)

   Occasionally, upon striking a foe, it will discharge some electrical energy
   and cause terrible harm.
   It affects your strength (-3).
   It protects you from fire.
   It insulates you from electricity.
   It protects you from negative energy.
   It lets you turn invisible.
 R - a +4 long sword (weapon)
 W - the +7 arbalest of the Gloaming {penet, -Tele rPois rF+ rC+ Dex+7}
   (You found it on level 10 of the Dungeon)

   Ammo fired by it will pass through the targets it hits, potentially hitting
   all targets in its path until it reaches maximum range.
   It affects your dexterity (+7).
   It protects you from fire.
   It protects you from cold.
   It protects you from poison.
   It prevents most forms of teleportation.
Armour
 c - a +0 shield (worn)
 o - a +0 plate armour (worn)
 G - a +0 pair of boots (worn)
 I - a +2 cloak (worn)
Jewellery
 i - an amulet of resist corrosion (around neck)
 E - a ring of positive energy (left hand)
 U - a ring of protection from magic (right hand)
Magical devices
 r - a wand of fireball (6)
 C - a wand of flame (0)
 D - a wand of frost (18)
 F - a wand of digging (10)
 H - a wand of enslavement (8)
 T - a wand of teleportation (1)
Scrolls
 e - a scroll of teleportation
 j - 4 scrolls of remove curse
 n - 2 scrolls of magic mapping
 y - 2 scrolls of enchant weapon
 z - 2 scrolls of amnesia
 B - a scroll of fog
 V - a scroll of silence {unknown}
Potions
 h - a potion of heal wounds
 k - a potion of berserk rage
 m - 2 potions of agility
 p - a potion of cancellation
 x - a potion of cure mutation
 A - a potion of restore abilities {unknown}
 J - 2 potions of curing
 P - 3 potions of mutation {unknown}
 Q - a potion of degeneration {unknown}
 S - a potion of invisibility {unknown}
Books
 g - a book of the Tempests

   Spells                             Type                      Level
   a - Static Discharge               Conjuration/Air              3
   b - Lightning Bolt                 Conjuration/Air              5
   c - Fireball                       Conjuration/Fire             5
   d - Tornado                        Air                          9
   e - Shatter                        Earth                        9
 s - a book of Clouds

   Spells                             Type                      Level
   a - Mephitic Cloud                 Conjuration/Poison/Air       3
   b - Conjure Flame                  Conjuration/Fire             3
   c - Poisonous Cloud                Conjuration/Poison/Air       6
   d - Freezing Cloud                 Conjuration/Ice/Air          6
   e - Ring of Flames                 Charms/Fire                  7
 K - Vehumet's Catalogue of Conjuration
   (You found it on level 8 of the Dungeon)

   Spells                             Type                      Level
   a - Magic Dart                     Conjuration                  1
 L - Kikubaaqudgha's Compendium of Black Rites
   (You found it on level 8 of the Dungeon)

   Spells                             Type                      Level
   a - Animate Skeleton               Necromancy                   1
 M - Sif Muna's Incunabulum of the Rocks
   (You found it on level 8 of the Dungeon)

   Spells                             Type                      Level
   a - Sandblast                      Earth                        1
Comestibles
 d - 8 bread rations
 f - 10 meat rations
 t - a beef jerky
 v - a slice of pizza
 w - 6 fruits


   Skills:
 + Level 9.5 Fighting
 + Level 11.1 Long Blades
 + Level 10.0 Armour
 + Level 3.5 Dodging
 + Level 1.3 Stealth
 + Level 11.7 Shields
 + Level 1.4 Invocations
 + Level 1.3 Evocations


You had 10 spell levels left.
You didn't know any spells.

Dungeon Overview and Level Annotations

Branches:
Dungeon (11/15)            Temple (1/1) D:6            Lair (0/8) D:8
    Orc: D:9-12

Altars:
Ashenzari
Cheibriados
Dithmenos
Elyvilon
Gozag
Kikubaaqudgha
Makhleb
Nemelex Xobeh
Okawaru
Qazlal
Sif Muna
Trog
Vehumet
Xom
Zin

Shops:
D:6 *

Portals:
Ice
Cave: D:11


Innate Abilities, Weirdness & Mutations

You reflexively headbutt those who attack you in melee.
You have a pair of horns on your head.
You are somewhat resistant to further mutation.


Message History

The puff of frost hits you!
* * * LOW HITPOINT WARNING * * *
You are feeling hungry.
The white imp gestures at you. You block the puff of frost.
You slash the white imp! You headbutt the white imp.
You kill the white imp!
Okawaru accepts your kill.
Found a leather armour.
Drink which item? (? for menu, Esc to quit)
You feel much better.
You hit the hill giant.
The hill giant is lightly wounded.
The hill giant hits you with a giant club!!
You barely miss the hill giant. You headbutt the hill giant.
The hill giant is lightly wounded.
You hit the hill giant.
The hill giant is lightly wounded.
The hill giant hits you with a giant club!!!
You die...

....#............
....###...........
.....#............
#............#.....
#......$.....###....
....$....PP...#.....
.........P..........
..........C.......#
.........∩@........
...................
.................
......#.........
..............[
.............
..P........
......... ...


You could see a hill giant and an active ballistomycete.

Vanquished Creatures
  A wizard (D:10)
  Joseph (D:9)
  3 komodo dragons (D:8)
  A troll (D:10)
  Grinder (D:5)
  2 two-headed ogres
  A spriggan (D:7)
  A wyvern (D:9)
  3 hungry ghosts
  A steam dragon (D:8)
  7 small abominations (D:10)
  3 phantoms
  An ice beast (D:9)
  2 sky beasts
  5 large abominations (D:10)
  An eye of draining (D:7)
  3 big kobolds
  3 orc warriors
  2 ogres
  Sigmund (D:3)
  6 centaurs
  2 gnoll sergeants
  4 giant frogs
  4 scorpions
  10 killer bees
  3 wights (D:9)
  2 goliath beetles
  A quasit (D:9)
  3 crimson imps
  5 hounds
  A giant frog zombie (D:8)
  A jelly (D:7)
  A centaur skeleton (D:10)
  7 orc priests
  4 giant frog skeletons
  Natasha (twice) (D:3)
  8 iguanas
  4 orc wizards
  6 worker ants
  Ijyb (D:2)
  A hound skeleton (D:7)
  Robin (D:2)
  6 adders
  22 gnolls
  2 shadow imps
  8 white imps (D:11)
  5 worms
  An adder zombie (D:7)
  An adder skeleton (D:9)
  8 giant geckos
  34 orcs
  5 ball pythons
  8 giant cockroaches
  20 hobgoblins
  9 jackals
  5 quokkas
  16 bats
  5 giant newts
  21 goblins
  28 kobolds
  A quokka skeleton (D:4)
  22 rats
  A butterfly (D:2)
348 creatures vanquished.

Vanquished Creatures (others)
  A black bear (D:9)
  4 white imps (D:11)
  2 giant spores
7 creatures vanquished.

Grand Total: 355 creatures vanquished

Notes
Turn   | Place    | Note
--------------------------------------------------------------
     0 | D:1      | Peloso, the Minotaur Fighter, began the quest for the Orb.
     0 | D:1      | Reached XP level 1. HP: 19/19 MP: 1/1
   177 | D:1      | Reached XP level 2. HP: 27/27 MP: 1/1
   182 | D:1      | Reached skill level 4 in Armour
   800 | D:1      | Reached XP level 3. HP: 33/33 MP: 2/2
   832 | D:2      | Noticed Robin
   846 | D:2      | Killed Robin
   955 | D:2      | Found a shimmering altar of Xom.
  1003 | D:2      | Reached skill level 1 in Dodging
  1027 | D:2      | Noticed Ijyb
  1032 | D:2      | Killed Ijyb
  1032 | D:2      | Reached XP level 4. HP: 36/40 MP: 2/2
  1905 | D:3      | Reached XP level 5. HP: 31/46 MP: 2/2
  1914 | D:3      | Reached skill level 5 in Shields
  2122 | D:3      | Noticed Natasha
  2128 | D:3      | Killed Natasha
  2219 | D:3      | Noticed Sigmund
  2231 | D:3      | HP: 1/46 [something (6)]
  2233 | D:3      | Killed Sigmund
  2233 | D:3      | Reached skill level 5 in Armour
  2233 | D:3      | Reached XP level 6. HP: 25/53 MP: 3/3
  2245 | D:3      | Noticed Natasha
  2249 | D:3      | Killed Natasha
  2407 | D:3      | Found a shattered altar of Ashenzari.
  2484 | D:3      | Found an iron altar of Okawaru.
  2513 | D:3      | Became a worshipper of Warmaster Okawaru
  2590 | D:3      | Gained mutation: You are somewhat resistant to further mutation. [potion of beneficial mutation]
  3061 | D:4      | Reached skill level 6 in Shields
  3061 | D:4      | Reached XP level 7. HP: 60/60 MP: 3/3
  3213 | D:4      | Found a white marble altar of Elyvilon.
  3309 | D:4      | Noticed a moth of wrath
  3311 | D:4      | Found a bloodstained altar of Trog.
  3536 | D:5      | Entered Level 5 of the Dungeon
  3572 | D:5      | Reached skill level 5 in Long Blades
  3605 | D:5      | Reached skill level 5 in Fighting
  3793 | D:5      | Noticed Grinder
  3824 | D:5      | Paralysed by Grinder for 3 turns
  3829 | D:5      | Killed Grinder
  3829 | D:5      | Acquired Okawaru's first power
  4040 | D:5      | Reached XP level 8. HP: 61/68 MP: 3/3
  4069 | D:5      | Reached skill level 7 in Shields
  4824 | D:6      | Found an opulent altar of Gozag.
  4837 | D:6      | Reached skill level 1 in Evocations
  4999 | D:6      | Found a shimmering altar of Xom.
  5039 | D:6      | Found Kuism's Assorted Antiques.
  5048 | D:6      | Bought a jewelled hat for 252 gold pieces
  5053 | D:6      | Identified the -1 hat of Liberty {Int+4} (You bought it in a shop on level 6 of the Dungeon)
  5142 | D:6      | Found a staircase to the Ecumenical Temple.
  5189 | Temple   | Entered the Ecumenical Temple
  5465 | D:6      | Found a radiant altar of Vehumet.
  5869 | D:7      | Reached skill level 8 in Shields
  5940 | D:7      | Reached XP level 9. HP: 69/78 MP: 5/5
  6589 | D:7      | Reached skill level 9 in Shields
  6671 | D:7      | Reached skill level 1 in Stealth
  7525 | D:8      | Found a radiant altar of Vehumet.
  7529 | D:8      | Identified Vehumet's Catalogue of Conjuration
  7533 | D:8      | Found an ancient bone altar of Kikubaaqudgha.
  7537 | D:8      | Identified Kikubaaqudgha's Compendium of Black Rites
  7541 | D:8      | Found a deep blue altar of Sif Muna.
  7545 | D:8      | Identified Sif Muna's Incunabulum of the Rocks
  7593 | D:8      | Found an iron altar of Okawaru.
  7603 | D:8      | Reached XP level 10. HP: 73/88 MP: 6/6
  7619 | D:8      | Got an ichor-stained flail
  7620 | D:8      | Identified the +9 flail of the Lesser Evil {elec, +Inv rElec rF+ rN+ Str-3} (You found it on level 8 of the Dungeon)
  7661 | D:8      | Found a shadowy altar of Dithmenos.
  7911 | D:8      | Noticed a komodo dragon
  7923 | D:8      | Killed a komodo dragon
  7923 | D:8      | Reached skill level 10 in Shields
  7932 | D:8      | Noticed a komodo dragon
  7933 | D:8      | Noticed a komodo dragon
  7955 | D:8      | Killed a komodo dragon
  7959 | D:8      | Killed a komodo dragon
  8117 | D:8      | Found a staircase to the Lair.
  8291 | D:9      | Noticed Joseph
  8306 | D:9      | Killed Joseph
  8456 | D:9      | Acquired Okawaru's second power
  8707 | D:9      | Reached skill level 10 in Long Blades
  8776 | D:9      | Reached skill level 11 in Shields
  9304 | D:10     | Entered Level 10 of the Dungeon
  9481 | D:10     | Reached skill level 1 in Invocations
  9682 | D:10     | Noticed a wizard
  9704 | D:10     | Killed a wizard
  9886 | D:10     | Noticed a large abomination
  9913 | D:10     | Reached XP level 11. HP: 85/97 MP: 5/6
  9921 | D:10     | Received a gift from Okawaru
  9937 | D:10     | Killed a large abomination
 10229 | D:10     | Got a brightly glowing arbalest
 10246 | D:10     | Identified the +7 arbalest of the Gloaming {penet, -Tele rPois rF+ rC+ Dex+7} (You found it on level 10 of the Dungeon)
 10317 | D:10     | Reached skill level 10 in Armour
 10620 | D:11     | Found a frozen archway.
 10642 | D:11     | Noticed a hill giant
 10656 | D:11     | Mangled by a hill giant

Action                   |  1- 3 |  4- 6 |  7- 9 | 10-12 || total
-------------------------+-------+-------+-------+-------++-------
Melee: Long sword        |   119 |   209 |   202 |   253 ||   783
       Falchion          |       |       |   338 |   113 ||   451
Invok: Heroism           |       |       |     1 |     2 ||     3
Evoke: Wand              |       |       |     5 |       ||     5
  Use: Potion            |       |     2 |     3 |     2 ||     7
       Scroll            |       |     8 |     7 |     8 ||    23
  Eat: Chunk             |       |     7 |    15 |    10 ||    32
       Royal jelly       |       |       |       |     1 ||     1
